 Dungeon Crawl Stone Soup version 0.22-a0-253-gf9d0ce5 (webtiles) character file.

61 GameOver the Sneak (level 4, -7/36 HPs)
             Began as a Naga Wizard on Mar 3, 2018.
             Mangled by Natasha (10 damage)
             ... on level 2 of the Dungeon.
             The game lasted 00:06:21 (1164 turns).

GameOver the Sneak (Naga Wizard)                    Turns: 1164, Time: 00:06:21

Health: -7/36      AC:  2    Str:  9    XL:     4   Next: 7%
Magic:  5/8        EV: 10    Int: 19    God:
Gold:   114        SH:  0    Dex: 10    Spells: 1/9 levels left

rFire    . . .     SeeInvis +   c - +0 whip
rCold    + . .     Gourm    .   (no shield)
rNeg     . . .     Faith    .   a - +0 robe
rPois    +         Spirit   .   b - +0 hat
rElec    .         Reflect  .   (no cloak)
rCorr    .         Harm     .   (no gloves)
MR       .....                  (no barding)
Stlth    ++........             (no amulet)
HPRegen  0.12/turn              k - ring of protection from cold
MPRegen  0.11/turn              (no ring)

@: hasted and slowed, very slow
A: large, see invisible, deformed body, poison resistance, slowness 2, slow
metabolism 1, spit poison 1, AC +1
a: Spit Poison


You were on level 2 of the Dungeon.
You were not hungry.

You visited 1 branch of the dungeon, and saw 2 of its levels.

You collected 114 gold pieces.

Inventory:

Hand Weapons
 c - a +0 whip (weapon)
Armour
 a - a +0 robe (worn)
 b - a +0 hat (worn)
Jewellery
 k - a ring of protection from cold (left hand)
Scrolls
 e - a scroll of remove curse {unknown}
 g - a scroll of fear {unknown}
 h - 2 scrolls of identify {unknown}
 i - a scroll of enchant armour {unknown}
 j - a scroll of fog {unknown}
 l - a scroll of teleportation {unknown}
 m - a scroll of immolation {unknown}
Comestibles
 d - a ration


   Skills:
 - Level 1.5 Dodging
 + Level 4.3 Stealth
 - Level 3.0 Spellcasting
 * Level 3.0 Conjurations
 - Level 1.0 Summonings
 - Level 1.0 Translocations
 * Level 0.3 Air Magic
 + Level 0.3 Poison Magic


You had one spell level left.
You knew the following spells:

 Your Spells              Type           Power        Failure   Level  Hunger
a - Magic Dart            Conj           ##..         4%          1    None
b - Blink                 Tloc           N/A          16%         2    ##.....
c - Call Imp              Summ           #.......     16%         2    ##.....
d - Mephitic Cloud        Conj/Pois/Air  #.......     26%         3    ###....


Dungeon Overview and Level Annotations

Branches:
Dungeon (2/15)

Altars:

Annotations:
D:2 Natasha


Innate Abilities, Weirdness & Mutations

You cannot wear boots.
Your serpentine skin is tough. (AC +1)
You have supernaturally acute eyesight. (SInv)
Armour fits poorly on your strangely shaped body.
Your system is resistant to poisons. (rPois)
You cover ground very slowly.
You have a slow metabolism.
You can spit poison.


Message History

Aim: Natasha (moderately wounded, poisoned)
The magic dart hits Natasha.
Natasha is moderately wounded.
You have got your breath back.
Natasha casts a spell at you. The magic dart hits you!
Casting: Magic Dart (safe; 4% risk of failure)
Confirm with . or Enter, or press ? or * to list all spells.
Aiming: Magic Dart (safe; 4% risk of failure)
Press: ? - help, Shift-Dir - straight line, f/p - Natasha
Aim: Natasha (moderately wounded, poisoned)
The magic dart hits Natasha.
Natasha is heavily wounded.
Natasha claws you!
* * * LOW HITPOINT WARNING * * *
Natasha claws you.
* * * LOW HITPOINT WARNING * * *
It was a potion of haste.
You feel yourself speed up.
Natasha looks more healthy.
Natasha claws you!
You die...

#.....).....#......#
............#......#
##.######..##......#
.#.#......######.###
.#.#.####.# #.#
.#.#....#.#### #.#
##.####.#....# #.#
........#.##.# #.#
#########..#.# #@#
...........#.#
#.h......
..........>#.#
#########
###........#..
...........###
###........#
#........#
#........#
#####+####


You could see Natasha.

Vanquished Creatures
  An adder (D:2)
  A worm (D:2)
  2 leopard geckos (D:2)
  2 ball pythons
  13 bats
  A giant cockroach (D:1)
  5 goblins
  3 hobgoblins
  5 jackals (D:1)
  2 frilled lizards
  5 kobolds (D:1)
  4 rats (D:1)
44 creatures vanquished.

Notes
Turn   | Place    | Note
-------+----------+-------------------------------------------
     0 | D:1      | GameOver the Naga Wizard began the quest for the Orb.
     0 | D:1      | Reached XP level 1. HP: 15/15 MP: 4/4
   175 | D:1      | Reached XP level 2. HP: 19/22 MP: 4/6
   441 | D:1      | Reached XP level 3. HP: 27/28 MP: 2/7
   509 | D:1      | Reached skill level 4 in Stealth
   946 | D:2      | Learned a level 2 spell: Blink
   949 | D:2      | Learned a level 2 spell: Call Imp
   953 | D:2      | Learned a level 3 spell: Mephitic Cloud
  1042 | D:2      | Reached XP level 4. HP: 36/36 MP: 6/8
  1156 | D:2      | Noticed Natasha
  1164 | D:2      | Mangled by Natasha

Vault maps used:
D:1:      saegor_arrival_simple_f, kennysheep_pointless_box,
          minmay_misc_feat_ornament
D:2:      roderic_lattice_a, uniq_natasha

Skill      XL: |  1  2  3 |
---------------+----------+-----
Conjurations   | 2 3 |  3.0
Stealth        | 4 |  4.3
Dodging        | |  1.5
Spellcasting   | |  3.0
Summonings     | |  1.0
Translocations | |  1.0
Air Magic      | |  0.3
Poison Magic   | |  0.3

Action                   |  1- 3 |  4- 6 || total
-------------------------+-------+-------++-------
Melee: Whip              |    30 |     2 ||    32
 Cast: Magic Dart        |    59 |    10 ||    69
 Abil: Spit Poison       |    33 |     4 ||    37
  Use: Potion            |       |     1 ||     1
 Stab: Sleeping          |     1 |       ||     1
  Eat: Chunk             |     2 |       ||     2
Armor: Robe              |    11 |       ||    11
Dodge: Dodged            |    39 |     1 ||    40

Table legend:
 A = Spawn XP
 B = Non-spawn XP
 C = Spawn XP percentage of total XP
 D = Spawn monster count
 E = Non-spawn monster count
 F = Spawn count percentage of total count
 G = Total turns spent on level
                    A         B        C        D         E        F      G
               +---------+---------+-------+---------+---------+-------+---------
         Total |       0 |      88 |   0.0 |       0 |      44 |   0.0 |  1164
               +---------+---------+-------+---------+---------+-------+---------
           D:1 |       0 |      50 |   0.0 |       0 |      31 |   0.0 |   708
           D:2 |       0 |      38 |   0.0 |       0 |      13 |   0.0 |   456
               +---------+---------+-------+---------+---------+-------+---------
